 Dungeon Crawl Stone Soup version 0.21-a0-264-g3e31e41 (webtiles) character file.

30 sagitran the Slasher (level 3, -7/27 HPs)
             Began as a Demonspawn Gladiator on Sept 8, 2017.
             Killed from afar by a rat (31 damage)
             ... with an exploding inner flame
             ... hexed by the player character
             ... on level 1 of the Dungeon.
             The game lasted 00:02:52 (939 turns).

sagitran the Slasher (Demonspawn Gladiator)          Turns: 939, Time: 00:02:53

Health: -7/27      AC:  6    Str: 15    XL:     3   Next: 3%
Magic:  3/3        EV: 13    Int:  9    God:
Gold:   73         SH:  0    Dex: 14    Spells: 2/2 levels left

rFire    . . .     SeeInvis .   a - +0 long sword
rCold    . . .     Gourm    .   (no shield)
rNeg     . . .     Faith    .   b - +0 leather armour
rPois    .         Spirit   .   c - +0 helmet
rElec    .         Reflect  .   (no cloak)
rCorr    .         Harm     .   (no gloves)
MR       .....                  (no boots)
Stlth    +.........             i - amulet of inaccuracy (curse)
HPRegen  0.09/turn              (no ring)
MPRegen  0.08/turn              (no ring)

@: no status effects
A: molten scales 1, demonic guardian 1
a: no special abilities


You were on level 1 of the Dungeon.
You were not hungry.

You visited 1 branch of the dungeon, and saw 2 of its levels.

You collected 73 gold pieces.

Inventory:

Hand Weapons
 a - a +0 long sword (weapon)
Missiles
 d - 3 throwing nets (quivered)
Armour
 b - a +0 leather armour (worn)
 c - a +0 helmet (worn)
Jewellery
 i - a cursed amulet of inaccuracy (around neck)
Potions
 e - a potion of might {unknown}
Comestibles
 f - a bread ration
 g - 2 chunks of flesh


   Skills:
 + Level 2.2 Fighting
 + Level 3.3 Long Blades
 + Level 1.9 Throwing
 + Level 3.0 Dodging


You had 2 spell levels left.
You didn't know any spells.

Dungeon Overview and Level Annotations

Branches:
Dungeon (2/15)

Altars:


Innate Abilities, Weirdness & Mutations

You are partially covered in molten scales. (AC +2)
A weak demonic guardian rushes to your aid.


Message History

You see here a frilled lizard corpse.
You see here a frilled lizard corpse.
You butcher the frilled lizard corpse.
g - 2 chunks of flesh (gained 1)
You open the door.
Found a scroll labeled TYIZEM SATUIDD.
There is an open door here.
A rat comes into view.
You see here a scroll labeled TYIZEM SATUIDD.
h - a scroll labeled TYIZEM SATUIDD
As you read the scroll labeled TYIZEM SATUIDD, it crumbles to dust.
The creatures around you are filled with an inner flame!
It was a scroll of immolation.
There is an open door here.
The rat closely misses you.
You slash the rat!
The rat explodes!
The fiery explosion engulfs you!
Ouch! That really hurt!
You die...

.#......##..................#
#
.#......########............#
.# ######'#### ############.#
.# ###.......#
#....#####'##.# .)#.8.8.8.#
#....##.......## ..#.......#
###....##.........
..+.8.<.8.+
#.'....##........#
..#.......#
#.#....##......#.#
..#.8.8.8.#
#@#....#####..##.#
..#.......#.####§##'### #...
# #.####+####.r..§.##.# #..#
#.... ...#..#####.# #..#
...... #... #.## #..# ......
### #..# #... ...... ##.#
...... #.# ...... #.##


There were no monsters in sight!

Vanquished Creatures
  A gnoll (D:1)
  3 bats (D:1)
  3 giant cockroaches (D:1)
  3 goblins
  4 hobgoblins (D:1)
  3 frilled lizards (D:1)
  A rat (D:1)
18 creatures vanquished.

Notes
Turn   | Place    | Note
-------+----------+-------------------------------------------
     0 | D:1      | sagitran the Demonspawn Gladiator began the quest for the Orb.
     0 | D:1      | Reached XP level 1. HP: 16/16 MP: 1/1
   229 | D:1      | Gained mutation: A weak demonic guardian rushes to your aid. [demonic ancestry]
   229 | D:1      | Reached XP level 2. HP: 5/22 MP: 2/2
   904 | D:1      | Gained mutation: You are partially covered in molten scales. (AC +2) [demonic ancestry]
   904 | D:1      | Reached XP level 3. HP: 20/27 MP: 3/3
   939 | D:1      | Killed from afar by a rat

Vault maps used:
D:1:      doesnt_arrival_eight_statues, serial_aquarium,
          aquarium_bridge_straight, aquarium_bridge_square, aquarium_window_1,
          aquarium_window_1, aquarium_window_fake, aquarium_window_1,
          aquarium_view_2g, aquarium_view_2e
D:2:      uniq_robin

Skill      XL: |  1  2 |
---------------+-------+-----
Long Blades    | 3 |  3.3
Dodging        | 3 |  3.0
Fighting       | |  2.2
Throwing       | |  1.9

Action                   || total
-------------------------++-------
Melee: Long sword        ||    63
  Use: Scroll            ||     2
Armor: Leather armour    ||    27
Dodge: Dodged            ||    68
       Rpst.: Long sword ||    26

Table legend:
 A = Spawn XP
 B = Non-spawn XP
 C = Spawn XP percentage of total XP
 D = Spawn monster count
 E = Non-spawn monster count
 F = Spawn count percentage of total count
 G = Total turns spent on level
                    A         B        C        D         E        F      G
               +---------+---------+-------+---------+---------+-------+---------
         Total |       0 |      43 |   0.0 |       0 |      18 |   0.0 |   939
               +---------+---------+-------+---------+---------+-------+---------
           D:1 |       0 |      41 |   0.0 |       0 |      17 |   0.0 |   890
           D:2 |       0 |       2 |   0.0 |       0 |       1 |   0.0 |    49
               +---------+---------+-------+---------+---------+-------+---------
